 Dungeon Crawl Stone Soup version 0.26.1-11-gd32895ea62 (console) character file.

Game seed: 9158042210024330035

5921 lamer6 the Fighter (level 10, -4/91 HPs)
             Began as a Minotaur Fighter on July 5, 2021.
             Was a High Priest of Okawaru.
             Slain by a slime creature (14 damage)
             ... on level 10 of the Dungeon.
             The game lasted 00:21:59 (10706 turns).

lamer6 the Fighter (Minotaur Fighter)              Turns: 10706, Time: 00:21:59

Health: -4/91      AC: 26    Str: 20    XL:     10   Next: 53%
Magic:  9/11       EV: 11    Int:  5    God:    Okawaru [*****.]
Gold:   597        SH: 14    Dex: 14    Spells: 9/9 levels left

rFire    . . .     SeeInvis .   a - +0 long sword
rCold    . . .     Faith    .   o - +0 kite shield
rNeg     . . .     Spirit   .   O - +0 plate armour
rPois    .         Reflect  .   (helmet restricted)
rElec    .         Harm     .   j - +0 cloak
rCorr    .         Rampage  .   (no gloves)
Will     .....                  (no boots)
Stlth    ..........             (no amulet)
HPRegen  0.25/turn              G - +4 ring of protection
MPRegen  0.12/turn              y - +4 ring of protection

@: heroism
A: retaliatory headbutt, horns 2
a: Renounce Religion, Heroism, Finesse


You were on level 10 of the Dungeon.
You worshipped Okawaru.
Okawaru was extremely pleased with you.
You visited 2 branches of the dungeon, and saw 11 of its levels.

You collected 597 gold pieces.

Inventory:

Hand Weapons
 a - a +0 long sword (weapon)
 b - a +0 spear
 v - a +1 dagger of draining
Missiles
 e - 305 stones (quivered)
 g - 21 poisoned darts
 s - 3 datura-tipped darts
 B - 3 silver boomerangs
 C - 7 javelins
 E - a throwing net
Armour
 j - a +0 cloak (worn)
 o - a +0 kite shield (worn)
 O - a +0 plate armour (worn)
Jewellery
 t - an uncursed ring of magical power
 y - a +4 ring of protection (right hand)
 F - an uncursed ring of fire
 G - a +4 ring of protection (left hand)
 H - an uncursed ring of fire
 L - an uncursed ring of willpower
Wands
 u - a wand of acid (11)
 x - a wand of random effects (18)
 z - a wand of iceblast (11)
 A - a wand of enslavement (13)
 J - a wand of paralysis (8)
 N - a wand of polymorph (9)
Scrolls
 c - 2 scrolls of remove curse {unknown}
 f - 5 scrolls of identify
 i - 5 scrolls of magic mapping {unknown}
 n - 5 scrolls of enchant weapon {unknown}
 p - a scroll of random uselessness {unknown}
 r - a scroll of fog {unknown}
 I - a scroll of noise {unknown}
 K - a scroll of vulnerability {unknown}
 M - a scroll of immolation {unknown}
Potions
 d - 3 potions of might
 h - a potion of mutation {unknown}
 k - 3 potions of heal wounds {unknown}
 l - 2 potions of ambrosia {unknown}
 m - 4 potions of brilliance {unknown}
 q - 4 potions of haste {unknown}
 w - a potion of curing {unknown}
 D - 2 potions of degeneration {unknown}
 P - a potion of flight {unknown}


   Skills:
 + Level 9.6(14.6) Fighting
 + Level 9.5(14.5) Long Blades
 - Level 3.0(8.0) Throwing
 + Level 9.6(14.6) Armour
 - Level 3.0(8.0) Dodging
 + Level 9.6(14.6) Shields
 - Level 3.0 Invocations


You had 9 spell levels left.
You didn't know any spells.
Your spell library contained the following spells:

 Spells                   Type           Power        Failure   Level
 Sting                    Tmut/Pois      0%           100%        1
 Poisonous Vapours        Pois/Air       0%           100%        2
 Ignite Poison            Fire/Tmut/Pois 0%           100%        3
 Mephitic Cloud           Conj/Pois/Air  0%           100%        3
 Olgreb's Toxic Radiance  Pois           0%           100%        4


Dungeon Overview and Level Annotations

Branches:
Dungeon (10/15)            Temple (1/1) D:5
   Lair: D:8-11         Orc: D:9-12

Altars:
Ashenzari
Cheibriados
Dithmenos
Elyvilon
Fedhas
Gozag
Hepliaklqana
Kikubaaqudgha
Makhleb
Nemelex Xobeh
Okawaru
Qazlal
Ru
Sif Muna
Trog
Uskayaw
Vehumet
Wu Jian
Xom
Yredelemnul
Zin
The Shining One

Annotations:
D:9 >Done
Temple Done


Innate Abilities, Weirdness & Mutations

You reflexively headbutt those who attack you in melee.
You have a pair of horns on your head.


Message History

You barely miss the large slime creature.
The large slime creature is severely wounded.
The slime creature hits you but does no damage.
The large slime creature hits you but does no damage.
You slash the large slime creature!
The large slime creature is severely wounded.
The slime creature closely misses you.
You block the large slime creature's attack.
You slash the large slime creature! You headbutt the large slime creature.
The large slime creature is almost dead.
You slash the large slime creature!
You kill the large slime creature!
Okawaru is honoured by your kill. Something appears at your feet!
Okawaru grants you ammunition!
The slime creature hits you but does no damage.
You hit the slime creature but do no damage.
The slime creature is heavily wounded.
The slime creature hits you!
You die...

# #......#.#####......
#........####(J8...W
###.........#.(.Z..JZ.
#............(..#.....
#.........†...#.# ...
..........(..Z### .
..............#####
.#.##†.......##..#
#...........##@=#
##.........Z?ZJ##
###........#.##
#.....##..###
#...##.....#
##.####..... ## ##....
###.# ##


You could see a slime creature, an orc zombie and an ogre zombie.

Vanquished Creatures
  2 two-headed ogres
  A slime creature (D:10)
  A wyvern (D:8)
  A water moccasin (D:8)
  2 orc warriors (D:6)
  4 sky beasts
  A phantom (D:10)
  A black bear (D:9)
  8 ogres
  4 centaurs
  2 big kobolds
  2 bullfrogs
  2 scorpions
  4 killer bees (D:7)
  A troll zombie (D:10)
  2 howler monkeys
  A crimson imp (D:9)
  4 hounds
  2 centaur skeletons
  2 jellies
  8 orc priests
  A gnoll shaman (D:5)
  4 iguanas
  8 orc wizards
  3 worker ants
  2 ogre zombies (D:10)
  Robin (D:2)
  3 worker ant zombies
  20 gnolls
  17 adders
  2 shadow imps
  4 white imps
  An ufetubus (D:9)
  3 oozes
  An adder zombie (D:5)
  An adder skeleton (D:7)
  3 worms
  5 dart slugs
  3 leopard geckos
  31 orcs
  A ball python (D:3)
  5 giant cockroaches
  11 goblins
  10 hobgoblins
  12 jackals
  19 kobolds
  2 quokkas
  6 bats
  5 frilled lizards
  2 hobgoblin zombies (D:10)
  2 orc skeletons (D:10)
  12 rats
255 creatures vanquished.

Vanquished Creatures (others)
  A scorpion (D:10)
1 creature vanquished.

Grand Total: 256 creatures vanquished

Notes
Turn   | Place    | Note
-------+----------+-------------------------------------------
     0 | D:1      | lamer6 the Minotaur Fighter began the quest for the Orb.
     0 | D:1      | Reached XP level 1. HP: 19/19 MP: 0/0
    87 | D:1      | Reached XP level 2. HP: 27/27 MP: 1/1
   707 | D:1      | Reached XP level 3. HP: 33/33 MP: 2/2
   978 | D:2      | Found a white marble altar of Elyvilon.
  1119 | D:2      | Reached XP level 4. HP: 13/40 MP: 3/3
  1478 | D:2      | Noticed Robin
  1484 | D:2      | Killed Robin
  1757 | D:2      | Reached XP level 5. HP: 47/47 MP: 4/4
  1879 | D:2      | Found an iron altar of Okawaru.
  1891 | D:2      | Became a worshipper of Warmaster Okawaru
  2403 | D:3      | Reached XP level 6. HP: 28/55 MP: 5/5
  2640 | D:3      | Found a burning altar of Makhleb.
  2660 | D:3      | Reached skill level 5 in Fighting
  2660 | D:3      | Reached skill level 5 in Long Blades
  2660 | D:3      | Reached skill level 5 in Shields
  2663 | D:3      | Reached skill level 5 in Armour
  2711 | D:3      | Found a glowing golden altar of the Shining One.
  3194 | D:4      | Reached * piety under Okawaru
  3438 | D:4      | Reached XP level 7. HP: 51/52 MP: 6/6
  4129 | D:4      | Found a shimmering altar of Xom.
  4291 | D:5      | Entered Level 5 of the Dungeon
  4369 | D:5      | Found a shimmering blue altar of Sif Muna.
  4592 | D:5      | Found a broken altar of Ashenzari.
  4831 | D:5      | Found a staircase to the Ecumenical Temple.
  4850 | D:5      | Reached XP level 8. HP: 41/71 MP: 7/7
  4889 | Temple   | Entered the Ecumenical Temple
  5428 | D:6      | Reached ** piety under Okawaru
  5782 | D:5      | Found a basalt altar of Yredelemnul.
  6806 | D:6      | Reached *** piety under Okawaru
  6807 | D:6      | Reached XP level 9. HP: 50/81 MP: 8/8
  7023 | D:6      | Found an opulent altar of Gozag.
  7117 | D:6      | Noticed a moth of wrath
  7120 | D:6      | Found a bloodstained altar of Trog.
  7503 | D:7      | Reached skill level 1 in Dodging
  7659 | D:7      | Reached skill level 1 in Throwing
  7659 | D:7      | Reached skill level 1 in Invocations
  8069 | D:7      | Found a hazy altar of Hepliaklqana.
  8069 | D:7      | Found a stormy altar of Qazlal.
  8780 | D:8      | Found a snail-covered altar of Cheibriados.
  8782 | D:8      | Noticed a two-headed ogre
  8796 | D:8      | Killed a two-headed ogre
  8796 | D:8      | Reached **** piety under Okawaru
  9212 | D:8      | Found a blossoming altar of Fedhas.
  9530 | D:9      | Reached XP level 10. HP: 90/90 MP: 11/11
 10211 | D:10     | Entered Level 10 of the Dungeon
 10211 | D:10     | Noticed a two-headed ogre
 10230 | D:9      | Killed a two-headed ogre
 10230 | D:9      | Reached ***** piety under Okawaru
 10472 | D:10     | Received a gift from Okawaru
 10705 | D:10     | Received a gift from Okawaru
 10706 | D:10     | Slain by a slime creature

Illustrated notes

Levels and vault maps discovered:
D:1:      matt_arrival_grand_opening, layout_loops_ring
D:2:      layout_loops_ring, elyvilon_altar_4, lemuel_round_altar,
          supply_closet_lemuel, uniq_robin
D:3:      wander_river, layout_rooms, nicolae_tso_carved_into_rock,
          general_overflow_altar
D:4:      layout_loops_ring, lemuel_round_altar, kennysheep_generic_room_8
D:5:      layout_basic, led_sif_book, cheibrodos_ashenzari_chains,
          kennysheep_mini_moat, minmay_temple_entry_sparse_star
D:6:      layout_rooms, kennysheep_little_box, tgw_trog
D:7:      layout_loops_corners, nicolae_overflow_hidden_temple
D:8:      layout_basic, nicolae_overflow_crystal_walls, fedhas_altar_2
D:9:      layout_irregular_city, minmay_fire_ice_demons
D:10:     layout_cave_pools, zombieorc2_lemuel, feat_on_display
Temple:   jpeg_temple_island

Skill      XL: |  1  2  3  4  5  6  7  8  9 10 |
---------------+-------------------------------+-----
Long Blades    | 3 4 5 6 7 8 9 |  9.5
Fighting       | 4 5 6 7 8 9 |  9.6
Armour         | 4 5 6 7 8 9 |  9.6
Shields        | 4 5 6 7 8 9 |  9.6
Dodging        | 3 |  3.0
Throwing       | 2 3 |  3.0
Invocations    | 2 3 |  3.0

Action                   |  1- 3 |  4- 6 |  7- 9 | 10-12 || total
-------------------------+-------+-------+-------+-------++-------
Melee: Long sword        |    68 |   191 |   453 |   134 ||   846
       Headbutt          |    14 |    25 |    94 |    37 ||   170
       Spear             |       |       |    27 |       ||    27
Throw: Stone             |       |       |       |    18 ||    18
Invok: Heroism           |       |       |     1 |     1 ||     2
  Use: Scroll            |       |     2 |     3 |       ||     5
Armor: Scale mail        |    25 |    81 |    66 |       ||   172
       Plate armour      |       |       |   123 |    60 ||   183
Dodge: Dodged            |    20 |    70 |    99 |    30 ||   219
Block: Kite shield       |    32 |    94 |   273 |    66 ||   465
       Rpst.: Long sword |     4 |    19 |    28 |     8 ||    59
